 Dungeon Crawl Stone Soup version 0.27-a0-1312-g5cdb2b3542 (webtiles) character file.

Game seed: 1561067847293231534

330 bjtr the Stinger (level 6, -2/35 HPs)
             Began as a Gargoyle Venom Mage on June 19, 2021.
             Slain by an iguana (5 damage)
             ... on level 4 of the Dungeon.
             The game lasted 00:16:05 (3221 turns).

bjtr the Stinger (Gargoyle Venom Mage)              Turns: 3221, Time: 00:16:06

Health: -2/35      AC: 13    Str: 12    XL:     6   Next: 51%
Magic:  10/10      EV: 15    Int: 17    God:
Gold:   177        SH:  0    Dex:  5    Spells: 4/11 levels left

rFire    . . .     SeeInvis +   b - +1 dagger (venom)
rCold    . . .     Faith    .   (no shield)
rNeg     + . .     Spirit   .   i - +0 leather armour
rPois    ∞         Reflect  .   (no helmet)
rElec    +         Harm     .   h - +2 cloak
rCorr    .         Rampage  .   f - +2 pair of gloves {archery}
Will     .....                  (no boots)
Stlth    +++.......             t - amulet of Midwinter {RegenMP Dex-5 SInv Stlth+}
HPRegen  0.11/turn              m - ring of flight
MPRegen  0.37/turn              n - +4 ring of evasion

@: flying
A: sickness immunity, AC +4, negative energy resistance 1, electricity
resistance, torment resistance 1, petrification resistance
a: no special abilities


You were on level 4 of the Dungeon.
You visited 1 branch of the dungeon, and saw 4 of its levels.

You collected 177 gold pieces.

Inventory:

Hand Weapons
 b - a +1 dagger of venom (weapon)
 k - a +0 hunting sling
 p - a +0 flail
 q - a +0 flail
Missiles
 l - 27 stones
 r - 10 poisoned darts
Armour
 f - a +2 pair of gloves of archery (worn)
 h - a +2 cloak (worn)
 i - a +0 leather armour (worn)
Jewellery
 m - a ring of flight (left hand)
 n - a +4 ring of evasion (right hand)
 o - a ring of see invisible
 t - the amulet of Midwinter (around neck) {RegenMP Dex-5 SInv Stlth+}
   (You acquired it on level 4 of the Dungeon)

   [amulet of magic regeneration]

   It increases your rate of magic regeneration.
   It affects your dexterity (-5).
   It lets you see invisible.
   It makes you more stealthy.
Scrolls
 c - 3 scrolls of teleportation
Potions
 a - 3 potions of flight
 d - 3 potions of attraction
 e - a potion of magic
 g - 2 potions of mutation
 j - a potion of heal wounds
 s - a potion of degeneration {unknown}


   Skills:
 * Level 2.1 Fighting
 - Level 0.1 Short Blades
 * Level 2.3 Armour
 + Level 2.2 Dodging
 + Level 3.4 Stealth
 * Level 3.2 Spellcasting
 + Level 0.9 Conjurations
 + Level 0.3 Hexes
 - Level 0.9 Transmutations
 + Level 0.1 Air Magic
 * Level 4.1 Poison Magic


You had 4 spell levels left.
You knew the following spells:

 Your Spells              Type           Power      Damage    Failure   Level
a - Sting                 Tmut/Pois      44%        1d5       8%          1
b - Mephitic Cloud        Conj/Pois/Air  8%         N/A       32%         3
c - Ignite Poison         Fire/Tmut/Pois 8%         N/A       32%         3

Your spell library contained the following spells:

 Spells                   Type           Power      Damage    Failure   Level
 Poisonous Vapours        Pois/Air       20%        N/A       14%         2
 Corona                   Hex            4%         N/A       19%         1
 Ensorcelled Hibernation  Hex/Ice        6%         N/A       30%         2
 Olgreb's Toxic Radiance  Pois           16%        N/A       36%         4
 Dazzling Flash           Conj/Hex       8%         N/A       45%         3
 Confusing Touch          Hex            4%         N/A       50%         3
 Tukima's Dance           Hex            4%         N/A       50%         3


Dungeon Overview and Level Annotations

Branches:
Dungeon (4/15)
 Temple: D:4-7

Altars:
Ashenzari

Shops:
D:1 (

Annotations:
D:4 2 runed translucent doors, 1 transporter, ClockworkOrrery's ghost, amateur OpFi


Innate Abilities, Weirdness & Mutations

You are immune to sickness and miasma.
Your stone body is resilient. (AC +4)
You are immune to poison.
You resist negative energy. (rN+)
You are resistant to electric shocks. (rElec)
You are resistant to unholy torment.
You are immune to petrification.


Message History

You continue putting on the amulet of Midwinter {RegenMP Dex-5 SInv Stlth+}. x5
You finish putting on the amulet of Midwinter {RegenMP Dex-5 SInv Stlth+}.
You feel clumsy.
t - the amulet of Midwinter (around neck) {RegenMP Dex-5 SInv Stlth+} You're wearing all the rings you can.
Remove which one? (? for menu, Esc to cancel) < or
o - a ring of see invisible; > or
n - a +4 ring of evasion You remove your ring of see invisible.
You fly up into the air.
m - a ring of flight (left hand)
Found a robe.
Found a large runed translucent door.
Found a transporter.
A kobold comes into view. It is wielding a +0 dagger.
A kobold is nearby!
An iguana comes into view.
The iguana hisses angrily.
The kobold closely misses you.
You barely miss the kobold. The iguana bites you!
The kobold hits you with a +0 dagger.
You hit the iguana but do no damage. The iguana barely misses you.
You hit the iguana but do no damage.
The iguana is poisoned.
The iguana barely misses you.
You barely miss the iguana.
The iguana is lightly wounded.
The iguana bites you but does no damage.
You hit the iguana but do no damage.
The iguana is lightly wounded.
The iguana bites you.
You closely miss the iguana.
The iguana is lightly wounded.
The iguana bites you!
You closely miss the iguana.
The iguana is lightly wounded.
The iguana bites you!
* * * LOW HITPOINT WARNING * * *
You hit the iguana but do no damage.
The iguana looks as sick as possible!
The iguana is lightly wounded.
The iguana bites you.
You die...

#### ... ....... .###
#.....#
...#########.....#
...........+.....+
.#.#.#######.....#
.#.#.# #.....#
.#.#.#######.....#
.#.#............@####
.#....#####.....#l..#
....###...###...+...#
###.#©.5....##..#...#
###.#...#.#..#......#
##[.#...#.#..#..#####
##.##.#.5.. ##..#
##.#.#...#. ...# .#.#


©W= You could see an iguana (extremely poisoned).

Vanquished Creatures
  A scorpion (D:4)
  A wyvern skeleton (D:4)
  A hound (D:4)
  An orc priest (D:4)
  An orc wizard (D:4)
  An iguana (D:4)
  4 adders
  An adder skeleton (D:3)
  An adder zombie (D:2)
  A worm (D:2)
  A dart slug (D:1)
  2 orcs (D:4)
  8 ball pythons
  A bat skeleton (D:2)
  3 endoplasms
  2 giant cockroaches (D:2)
  8 goblins (D:1)
  4 hobgoblins (D:1)
  5 jackals
  5 quokkas
  A ball python zombie (D:2)
  3 bats
  2 frilled lizards
  A jackal skeleton (D:2)
  2 kobolds
  A quokka zombie (D:2)
  3 rats
65 creatures vanquished.

Vanquished Creatures (others)
  2 withered plants (D:2)
2 creatures vanquished.

Grand Total: 67 creatures vanquished

Notes
Turn   | Place    | Note
-------+----------+-------------------------------------------
     0 | D:1      | bjtr the Gargoyle Venom Mage began the quest for the Orb.
     0 | D:1      | Reached XP level 1. HP: 10/10 MP: 3/3
   133 | D:1      | Reached XP level 2. HP: 15/15 MP: 0/5
   465 | D:1      | Reached XP level 3. HP: 17/19 MP: 6/6
   468 | D:1      | Found Umaoget's Antique Weapon Emporium.
   760 | D:2      | Found a faded altar of an unknown god.
  1115 | D:2      | Reached XP level 4. HP: 18/24 MP: 5/7
  1187 | D:2      | Learned a level 3 spell: Mephitic Cloud
  1191 | D:2      | Learned a level 3 spell: Ignite Poison
  1326 | D:2      | Identified a scroll of acquirement
  1326 | D:2      | Acquired a +2 pair of gloves of archery
  1555 | D:3      | Reached skill level 1 in Fighting
  2318 | D:4      | Noticed a scorpion
  2329 | D:4      | Killed a scorpion
  2330 | D:4      | Reached skill level 1 in Armour
  2330 | D:4      | Reached XP level 5. HP: 22/29 MP: 9/9
  2443 | D:4      | Found a broken altar of Ashenzari.
  2669 | D:4      | Reached skill level 4 in Poison Magic
  2671 | D:4      | Reached XP level 6. HP: 26/35 MP: 1/10
  3153 | D:4      | Acquired the amulet of Midwinter {RegenMP Dex-5 SInv
                  | Stlth+}
  3176 | D:4      | Found a large runed translucent door.
  3176 | D:4      | Found a large runed translucent door.
  3198 | D:4      | Found a transporter.
  3198 | D:4      | Noticed ClockworkOrrery's ghost (amateur OpFi)
  3221 | D:4      | Slain by an iguana

Illustrated notes

Levels and vault maps discovered:
D:1:      lightli_arrival_isolated_outpost, layout_rooms, serial_shops, shop
D:2:      layout_loops_ring, serial_undead, serial_undead_b, serial_undead_a,
          serial_undead_a, serial_undead_d, shapermc_ecumenical_altar_hornbeckon
D:3:      layout_loops_ring, serial_rivers, chequers_serial_rivers_small_3,
          chequers_serial_rivers_small_a, chequers_serial_rivers_micro_d,
          chequers_serial_rivers_micro_c, chequers_serial_rivers_small_3,
          minmay_starry_boxes
D:4:      layout_basic, vehumet_statue, nicolae_overflow_hidden_temple,
          lemuel_doored_altar, jmf_multi_god_temple2,
          gammafunk_ghost_stat_death, uniq_pikel

Skill      XL: |  1  2  3  4  5 |
---------------+----------------+-----
Fighting       | 1 2 |  2.1
Armour         | 1 2 |  2.3
Dodging        | 2 |  2.2
Stealth        | 3 |  3.4
Spellcasting   | 3 |  3.2
Poison Magic   | 4 |  4.1
Short Blades   | |  0.1
Conjurations   | |  0.9
Hexes          | |  0.3
Transmutations | |  0.9
Air Magic      | |  0.1

Action                   |  1- 3 |  4- 6 || total
-------------------------+-------+-------++-------
Melee: Dagger            |    84 |   122 ||   206
 Cast: Sting             |    25 |     6 ||    31
       Mephitic Cloud    |       |     4 ||     4
       Ignite Poison     |       |     1 ||     1
  Use: Scroll            |     2 |     9 ||    11
 Stab: Sleeping          |     3 |     3 ||     6
Armor: Robe              |    37 |     5 ||    42
       Leather armour    |       |    36 ||    36
Dodge: Dodged            |    47 |    66 ||   113

Table legend: (Time is in decaauts)
 A = Elapsed time spent in this place.
 B = Non-inter-level travel time spent in this place.
 C = Inter-level travel time spent in this place.
 D = Time resting spent in this place.
 E = Time spent auto-exploring this place.
 F = Levels seen in this place.
 G = Mean time per level.
                   A        B        C        D        E       F      G
               +--------+--------+--------+--------+--------+-----+--------+
         Total |   3231 |   3183 |     48 |    686 |   1793 |   4 |  807.8 |
       Dungeon |   3231 |   3183 |     48 |    686 |   1793 |   4 |  807.8 |
               +--------+--------+--------+--------+--------+-----+--------+

Top non-repeatable levels by time:
     D:3: 965 daAuts
     D:2: 836 daAuts
     D:4: 736 daAuts
     D:1: 692 daAuts
